 Dungeon Crawl Stone Soup version 0.31-a0-246-g8cbcc1cb85 (webtiles) character file.

Game seed: 10098263608272713275

32 qw the Shooter (level 3, -5/30 HPs)
             Began as a Minotaur Hexslinger on July 12, 2023.
             Slain by Terence
             ... wielding a +1 mace of holy wrath
              (7 damage)
             ... on level 2 of the Dungeon.
             The game lasted 00:00:18 (1297 turns).

qw the Shooter (Minotaur Hexslinger)                Turns: 1297, Time: 00:00:19

Health: -5/30      AC:  3    Str: 12    XL:     3   Next: 10%
Magic:  3/3        EV: 12    Int: 10    God:
Gold:   57         SH:  0    Dex: 14    Spells: 3/4 levels left

rFire   . . .        Y - +1 sling
rCold   . . .        (no shield)
rNeg    + . .        c - +0 robe
rPois   .            (helmet restricted)
rElec   .            (no cloak)
rCorr   .            (no gloves)
SInv    .            f - +0 pair of boots
Will    .....        (no amulet)
Stlth   +            e - ring of positive energy
HPRegen 0.25/turn    (no ring)
MPRegen 0.08/turn

%: no passive effects
@: no status effects
A: horns 2, retaliatory headbutt
a: no special abilities


You were on level 2 of the Dungeon.
You visited 1 branch of the dungeon, and saw 2 of its levels.

You collected 57 gold pieces.


Innate Abilities, Weirdness & Mutations

You have a pair of horns on your head.
You reflexively headbutt those who attack you in melee.


   Skills:
 - Level 2.4 Fighting
 + Level 3.4 Ranged Weapons
 - Level 2.1 Dodging
 - Level 1.0 Spellcasting
 - Level 2.0 Hexes


You had 3 spell levels left.
You knew the following spells:

 Your Spells              Type           Power      Damage    Failure   Level
a - Slow                  Hex            16%        N/A       16%         1

Your spell library contained the following spells:

 Spells                   Type           Power      Damage    Failure   Level
 Inner Flame              Hex/Fire       2%         N/A       56%         3
 Portal Projectile        Hex/Tloc       4%         N/A       56%         3
 Cause Fear               Hex            2%         N/A       83%         4

Inventory:

Hand Weapons
 Y - a +1 sling (weapon)
Armour
 c - a +0 robe (worn)
 f - a +0 pair of boots (worn)
Jewellery
 e - a ring of positive energy (left hand)
Scrolls
 a - a scroll of identify
Potions
 g - a potion of might {unknown}
 h - a potion of brilliance {unknown}

Dungeon Overview and Level Annotations

Branches:
Dungeon (2/15)

Altars:

Annotations:
D:2 Terence


Message History

You kill the dart slug!
Terence the Incautious comes into view.
He is wielding a +1 mace of holy wrath.
Terence shouts!
Enter note: You shoot a sling bullet.
The sling bullet hits Terence.
Terence is lightly wounded.
You shoot a sling bullet.
The sling bullet hits Terence but does no damage.
Terence is lightly wounded.
You shoot a sling bullet.
The sling bullet hits Terence but does no damage.
Terence is lightly wounded.
You shoot a sling bullet.
The sling bullet closely misses Terence.
Terence hits you with a +1 mace of holy wrath.
You shoot a sling bullet.
The sling bullet closely misses Terence.
Terence closely misses you.
Terence shouts, "DIE!!!"
Terence hits you with a +1 mace of holy wrath.
You shoot a sling bullet.
The sling bullet hits Terence but does no damage.
Terence is lightly wounded.
Terence closely misses you.
You shoot a sling bullet.
The sling bullet hits Terence but does no damage.
Terence is lightly wounded.
Terence asks, "Do you want it fast or slow?"
Terence barely misses you. You furiously retaliate!
You headbutt Terence! You shoot a sling bullet.
The sling bullet hits Terence but does no damage.
Terence is heavily wounded.
Terence hits you with a +1 mace of holy wrath!
You shoot a sling bullet. The sling bullet barely misses Terence.
Terence closely misses you.
Terence hits you with a +1 mace of holy wrath!
You shoot a sling bullet. The sling bullet hits Terence.
Terence is heavily wounded.
Terence hits you with a +1 mace of holy wrath!
You die...

#.#......7777.....
#.#.....PP.7PPP.. ..
.#......P....P###...
...........PP....#..P
....####..P..........
.... #..%.......PP.
... #...........77 ..
#...........P7
#.....@...#.
######@..#.... ....#
. ....... ..........
............
.............
....####......


You could see Terence.

Vanquished Creatures
  A gnoll (D:1)
  A dart slug (D:2)
  A giant cockroach (D:1)
  4 hobgoblins
  5 kobolds
  A quokka (D:1)
  2 bats
  A frilled lizard (D:1)
  4 goblins (D:1)
  A rat (D:1)
21 creatures vanquished.

Notes
Turn   | Place    | Note
-------+----------+-------------------------------------------
     0 | D:1      | qw the Minotaur Hexslinger began the quest for the Orb.
     0 | D:1      | Reached XP level 1. HP: 16/16 MP: 1/1
     0 | D:1      | 0 ||| qw: Version: 0.3-a-52-g30416fa
     0 | D:1      | 0 ||| qw: Game counter: 6241
     0 | D:1      | 0 ||| qw: Melee chars always use a shield: true
     0 | D:1      | 0 ||| qw: God list: Okawaru
     0 | D:1      | 0 ||| qw: Allow faded altars: false
     0 | D:1      | 0 ||| qw: Do Orc after clearing Dungeon:15 true
     0 | D:1      | 0 ||| qw: Do second Lair branch before Depths: true
     0 | D:1      | 0 ||| qw: Lair rune preference: random
     0 | D:1      | 0 ||| qw: Goals: Normal
     0 | D:1      | 0 ||| PLANNING D:1-11
   348 | D:1      | Reached skill level 3 in Ranged Weapons
   354 | D:1      | Reached XP level 2. HP: 19/23 MP: 2/2
  1196 | D:1      | 1196 ||| UPGRADING to +0 pair of boots.
  1201 | D:1      | 1201 ||| UPGRADING to ring of positive energy.
  1202 | D:1      | 1202 ||| READING 2 scrolls labelled OREBRA OPEZ.
  1203 | D:1      | 1203 ||| READING scroll labelled QESAOVUNIERCH.
  1204 | D:1      | 1204 ||| DROPPING scroll of poison.
  1255 | D:2      | Reached XP level 3. HP: 30/30 MP: 3/3
  1287 | D:2      | Noticed Terence
  1296 | D:2      | HP: 2/30 [Terence/+1 mace of holy wrath (9)]
  1297 | D:2      | Slain by Terence

Levels and vault maps discovered:
D:1:      dpeg_arrival_orchard, layout_basic, minmay_pentomino_u2
D:2:      layout_basic, serial_forest, infiniplex_forest_split,
          infiniplex_forest_lined_room_2, infiniplex_forest_clump_medium,
          infiniplex_forest_clump_medium, infiniplex_forest_corner_1,
          infiniplex_forest_corner_2, infiniplex_forest_3_way,
          infiniplex_forest_straight_4, infiniplex_forest_straight_4,
          uniq_robin, uniq_terence, uniq_jessica, uniq_sigmund

Skill      XL: |  1  2 |
---------------+-------+-----
Ranged Weapons | 3 |  3.4
Fighting       | 2 |  2.4
Dodging        | |  2.1
Spellcasting   | |  1.0
Hexes          | |  2.0

Action                     || total
---------------------------++-------
   Fire: Sling             ||    62
    Use: Scroll            ||     2
 Armour: Robe              ||     1
  Dodge: Dodged            ||    10

Table legend:
 A = Non-vault XP
 B = Vault XP
 C = Vault XP percentage of total XP
 D = Non-vault monster count
 E = Vault monster count
 F = Vault count percentage of total count
                 A         B        C        D         E       F
            +---------+---------+-------+---------+---------+-------
      Total |      45 |       2 |   4.3 |      20 |       1 |   4.8
            +---------+---------+-------+---------+---------+-------
        D:1 |      37 |       2 |   5.1 |      16 |       1 |   5.9
        D:2 |       8 |       0 |   0.0 |       4 |       0 |   0.0
            +---------+---------+-------+---------+---------+-------
